 Dungeon Sprint DCSS version 0.17-a0-1651-gae1a69f (webtiles) character file.

165 Kidiri the Covert (level 5, -1/24 HPs)
             Began as a Spriggan Enchanter on Aug 14, 2015.
             Slain by a shadow (11 damage)
             ... in the Dungeon (Sprint III: "The Ten Rune Challenge").
             The game lasted 00:02:48 (375 turns).

Kidiri the Covert (Spriggan Enchanter)               Turns: 375, Time: 00:02:48

Health: -1/24      AC:  3    Str:  4    XL:     5   Next: 21%
Magic:  13/15      EV: 24    Int: 16    God:
Gold:   33         SH:  0    Dex: 18    Spells: 5 memorised, 5 levels left

rFire  . . .     SeeInvis +     a - +1 dagger
rCold  . . .     Clarity  .     b - +1 robe
rNeg   . . .     SustAt   .     (shield restricted)
rPois  .         Gourm    .     (helmet restricted)
rElec  .         Spirit   .     (no cloak)
rCorr  .         Warding  .     (gloves unavailable)
rMut   .         NoTele   +     (boots unavailable)
MR     .....                    (no amulet)
Stlth  +++++.....               (no ring)
                                (no ring)

@: very quick, not resistant to hostile enchantments, quite stealthy
A: unfitting armour, see invisible, herbivore 3, speed 3, slow metabolism 2
a: no special abilities


You were in the Dungeon.
You were not hungry.

You visited 1 branch You collected 33 gold pieces.

Inventory:

Hand weapons
 a - a +1 dagger (weapon)
Armour
 b - a +1 robe (worn)
Scrolls
 j - a scroll of blinking
 l - a scroll of holy word
 n - a scroll of amnesia
Potions
 g - 2 potions of haste
 h - a potion of magic
 q - a potion of flight
 r - a potion of cancellation
Comestibles
 c - a royal jelly
 d - 2 bread rations
 o - 3 fruits


   Skills:
 + Level 3.7 Short Blades
 * Level 7.8 Dodging
 * Level 9.2 Stealth
 * Level 6.5 Spellcasting
 + Level 1.4 Conjurations
 + Level 5.5 Hexes
 + Level 1.6 Ice Magic


You had 5 spell levels left.
You knew the following spells:

 Your Spells              Type           Power        Failure   Level  Hunger
a - Corona                Hex            ###....      1%          1    None
b - Ensorcelled Hibernat  Hex/Ice        ###...       6%          2    None
c - Confuse               Hex            ###.....     4%          3    ##.....
d - Tukima's Dance        Hex            ###.....     4%          3    ##.....
e - Dazzling Spray        Conj/Hex       ###.....     12%         3    ##.....


Dungeon Overview and Level Annotations

Branches:
Dungeon (1/1)

Altars:
Zin


Innate Abilities, Weirdness & Mutations

You are tiny and cannot use many weapons and most armour.
You have supernaturally acute eyesight.
You are a herbivore.
You cover ground extremely quickly.
You need consume almost no food.


Message History

The shadow slips into darkness.
The shadow flickers and vanishes for a moment.
Drink which item? (? for menu, Esc to quit)
Magic courses through your body. The shadow hits you!
* * * LOW HITPOINT WARNING * * *
Casting: Corona
Confirm with . or Enter, or press ? or * to list all spells.
Okay, then.
Unknown command.
Drink which item? (? for menu, Esc to quit)
You feel better.
Casting: Corona
Confirm with . or Enter, or press ? or * to list all spells.
Aiming: Dazzling Spray
Press: ? - help, Shift-Dir - straight line, f/p - shadow
Aim: a shadow (severely damaged)
The spray of energy hits the shadow.
The shadow is severely damaged.
The shadow hits you!
You die...

▓▓▓▓▓▓▓▓▓ ▓▓▓ ▓<..#(..####
##.# ## ▓...#......#####..#
_# ▓..##.......#:.#..# .#
▓##.##.##...#..#..###+#+###
##.##.###..##+#..#........
▓#.####.##..###...'.⌠......
▓.###..##..####...#...#####
▓#..%..##.@###....#.⌠.# #.
###..##..W##.....#...# #.
##..##....#......#+### #.
#..###..##.#.....# #. #(.#
#..#####....# +. ▓▓▓▓ ▓▓▓▓
▓▓▓▓▓▓ ▓▓


You could see a shadow.

Vanquished Creatures
  A water elemental (D)
  A scorpion (D)
  A jelly (D)
  A human (D)
  An ooze (D)
  3 rats (D)
8 creatures vanquished.

Vanquished Creatures (others)
  2 draconian scorchers (D)
  A yaktaur (D)
3 creatures vanquished.

Grand Total: 11 creatures vanquished

Notes
Turn   | Place    | Note
--------------------------------------------------------------
     0 | D        | Kidiri the Spriggan Enchanter began the quest for the Orb.
     0 | D        | Reached XP level 1. HP: 9/9 MP: 5/5
    12 | D        | Reached skill level 5 in Stealth
    44 | D        | Noticed a scorpion
    47 | D        | Killed a scorpion
    47 | D        | Reached skill level 6 in Dodging
    47 | D        | Reached skill level 7 in Stealth
    47 | D        | Reached skill level 5 in Spellcasting
    47 | D        | Reached XP level 2. HP: 13/13 MP: 6/9
    47 | D        | Reached XP level 3. HP: 16/16 MP: 6/10
    55 | D        | Learned a level 2 spell: Ensorcelled Hibernation
    59 | D        | Learned a level 3 spell: Confuse
    63 | D        | Learned a level 3 spell: Tukima's Dance
    67 | D        | Learned a level 3 spell: Dazzling Spray
    87 | D        | Reached XP level 4. HP: 21/21 MP: 4/12
   118 | D        | Gained mutation: You are frail (-10% HP). [potion of mutation]
   118 | D        | Gained mutation: Your flesh is cold resistant. [potion of mutation]
   119 | D        | Gained mutation: Potions and wands are less effective at restoring your health. [potion of mutation]
   119 | D        | Gained mutation: You are partially covered in slimy green scales (AC +2). [potion of mutation]
   119 | D        | Gained mutation: You are clumsy. (Dex -2) [potion of mutation]
   120 | D        | Lost mutation: Your flesh is cold resistant. [potion of cure mutation]
   120 | D        | Lost mutation: You are clumsy. (Dex -2) [potion of cure mutation]
   120 | D        | Lost mutation: You are partially covered in slimy green scales (AC +2). [potion of cure mutation]
   120 | D        | Lost mutation: You are frail (-10% HP). [potion of cure mutation]
   121 | D        | Lost mutation: Potions and wands are less effective at restoring your health. [potion of cure mutation]
   140 | D        | Killed a yaktaur
   171 | D        | Noticed a water elemental
   199 | D        | Killed a water elemental
   199 | D        | Reached skill level 8 in Stealth
   199 | D        | Reached skill level 1 in Conjurations
   199 | D        | Reached skill level 5 in Hexes
   199 | D        | Reached skill level 1 in Ice Magic
   312 | D        | Found a glowing silver altar of Zin.
   321 | D        | Killed a white draconian scorcher
   322 | D        | Noticed a jelly
   323 | D        | Noticed a shadow
   329 | D        | Killed a jelly
   329 | D        | Reached skill level 9 in Stealth
   329 | D        | Reached XP level 5. HP: 24/24 MP: 15/15
   342 | D        | Killed a white draconian scorcher
   369 | D        | HP: 1/24 [shadow (11)]
   375 | D        | Slain by a shadow

Vault maps used:
D:        dungeon_sprint_mu

Action                   |  1- 3 |  4- 6 || total
-------------------------+-------+-------++-------
Melee: Dagger            |     6 |    13 ||    19
 Cast: Ensorcelled Hiber |     3 |       ||     3
       Dazzling Spray    |       |     8 ||     8
       Corona            |       |     2 ||     2
  Use: Potion            |       |     8 ||     8
       Scroll            |       |     5 ||     5
 Stab: Sleeping          |     5 |     1 ||     6
